cohdb
Replays
Latest Replays
All Replays
Popular Replays
Top Player Replays
Match Explorer
How It Works
Community
CoH3 Stats
Reddit
Sign in to upload your games and track your stats! →
Sign in with Steam
Match 41923436
Unlisted
Match 41923436
Overview
Messages
Build Orders
End
Panzergrenadier Squad
Panzergrenadier Squad
250 Light Carrier
Construct Light Support Kompanie
Combat Half-tracks
Fire Support Elements
Flakvierling Half-track
MG34 Team
Panzerjäger Mechanized Group
Vehicle Survival Package
Selects Armored Support Battlegroup
Selects Salvage Kits
Panzerjäger Squad
Advanced Field Repairs
Construct Panzerarmee Kommand
哦嗦嘎达
Kanade
BileDiver吐酸披风虫
nop.8
roland8510
Sabom
Fabius Maximus
CppMonster
0
0
Comments
sign in to comment!
No comments posted yet!